 Dungeon Crawl Stone Soup version 0.31-a0-466-g98c9adc2b6 (webtiles) character file.

Game seed: 11885576476027359442

1561 MisterAzrael the Cleaver (level 8, -5/71 HPs)
             Began as a Hill Orc Monk on Aug 5, 2023.
             Was an Elder of Zin.
             Slain by a troll (11 damage)
             ... on level 6 of the Dungeon.
             The game lasted 00:09:20 (5584 turns).

MisterAzrael the Cleaver (Hill Orc Monk)            Turns: 5584, Time: 00:09:20

Health: -5/71      AC:  8    Str: 16    XL:     8   Next: 89%
Magic:  12/12      EV: 13    Int: 10    God:    Zin [****..]
Gold:   272        SH:  0    Dex: 13    Spells: 4/7 levels left

rFire   . . .        A - +0 hand axe (freeze)
rCold   . . .        d - orb {light}
rNeg    . . .        E - +0 chain mail
rPois   .            (no helmet)
rElec   .            (no cloak)
rCorr   .            (no gloves)
SInv    .            (no boots)
Will    +....        (no amulet) Stlth
                     i - ring of willpower
HPRegen 0.31/turn    u - +5 ring of evasion
MPRegen 0.13/turn

%: no passive effects
@: glowing
A: no striking features
a: Renounce Religion, Recite, Vitalisation, Imprison, Donate Gold


You were on level 6 of the Dungeon.
You worshipped Zin.
Zin was greatly pleased with you.
You visited 2 branches of the dungeon, and saw 7 of its levels.

You collected 302 gold pieces.
You donated 30 gold pieces to Zin.

Inventory:

Hand Weapons
 a - a +0 hand axe
 A - a +0 hand axe of freezing (weapon)
 K - a +3 spear of venom
Armour
 b - a +0 robe
 d - an orb of light (worn)
 e - a +0 kite shield
 E - a +0 chain mail (worn)
Magical Staves
 G - a staff of cold
Jewellery
 i - a ring of willpower (left hand)
 u - a +5 ring of evasion (right hand)
Talismans
 l - a beast talisman
Wands
 t - a wand of quicksilver (8)
 w - a wand of charming (16)
 D - a wand of flame (10)
 H - a wand of iceblast (4)
Scrolls
 g - 2 scrolls of silence
 j - a scroll of teleportation
 k - 3 scrolls of identify
 n - 2 scrolls of poison {unknown}
 o - a scroll of noise {unknown}
 q - 2 scrolls of fear {unknown}
 r - a scroll of enchant weapon {unknown}
 s - 2 scrolls of blinking {unknown}
 x - 2 scrolls of amnesia {unknown}
 y - a scroll of fog {unknown}
 F - 3 scrolls of vulnerability
 I - a scroll of enchant armour {unknown}
Potions
 f - a potion of brilliance {unknown}
 h - 2 potions of heal wounds {unknown}
 m - 2 potions of curing {unknown}
 p - a potion of magic {unknown}
 v - a potion of haste {unknown}
 z - a potion of cancellation {unknown}
 B - a potion of might {unknown}
 C - a potion of enlightenment {unknown}
 J - a potion of degeneration {unknown}
 L - a potion of mutation {unknown}


   Skills:
 + Level 6.7 Fighting
 * Level 9.7 Axes
 + Level 4.6 Dodging
 * Level 6.6 Invocations


You had 4 spell levels left.
You knew the following spells:

 Your Spells              Type           Power      Damage    Failure   Level
a - Vhi's Electric Charg  Tloc/Air       0%         N/A       100%        3

Your spell library contained the following spells:

 Spells                   Type           Power      Damage    Failure   Level
 Arcjolt                  Conj/Air       0%         1d10      100%        5
 Plasma Beam              Fire/Air       0%         2x1d10    100%        6


Dungeon Overview and Level Annotations

Branches:
Dungeon (6/15)             Temple (1/1) D:4

Altars:
Ashenzari
Cheibriados
Dithmenos
Elyvilon
Fedhas
Gozag
Hepliaklqana
Makhleb
Nemelex Xobeh
Ru
Sif Muna
Trog
Uskayaw
Vehumet
Wu Jian
Xom
Yredelemnul
Zin
The Shining One

Annotations:
D:5 2 transporters, Heh's ghost, novice OpSh


Message History

You finish reciting Apostates 3:37.
The troll is lost in a daze.
You hit the troll. You freeze the troll.
The troll is moderately wounded.
The troll is lost in a daze.
You barely miss the troll.
The troll is lightly wounded.
The troll is lost in a daze.
You completely miss the troll.
The troll is lightly wounded.
The troll bites you. The troll barely misses you. x2
You hit the troll. You freeze the troll.
The troll is moderately wounded.
The troll is lost in a daze.
You hit the troll but do no damage.
The troll is moderately wounded.
The troll bites you. The troll barely misses you. The troll claws you.
You hit the troll. You freeze the troll.
The troll is moderately wounded.
You slash the troll! You freeze the troll.
The troll is heavily wounded.
The troll barely misses you. The troll claws you! The troll claws you.
You hit the troll. You freeze the troll.
The troll is severely wounded.
You are ready to recite again.
The troll bites you! The troll claws you but does no damage.
The troll claws you!
You slash the troll! You freeze the troll.
The troll is almost dead.
The troll is lost in a daze.
You hit the troll. You freeze the troll.
The troll is almost dead.
The troll is no longer dazed.
The troll bites you!
* * * LOW HITPOINT WARNING * * *
The troll barely misses you. The troll claws you!
* * * LOW HITPOINT WARNING * * *
You barely miss the troll.
The troll is almost dead.
The troll bites you!
You die...

..8.....## .#
.#..####.####..##.#
...###.#.#.###....#
..###.##.##.###..#
.....###.###.....#
#.?.##...##.....#
#..#.....#.....#
#?............#
##T@.$.......####
#...................
#####...........#...
#.......<..[# ..
###...##....# .
#.#[)##.### #####
#.#.....# #...#
#.#..#..# #...#
#.##)#..#


You could see a troll.

Vanquished Creatures
  Grinder (D:5)
  Eustachio (D:6)
  A water moccasin (D:5)
  An orc warrior (D:6)
  An ice beast (D:5)
  2 ogres (D:5)
  A centaur (D:6)
  2 scorpions
  4 jellies
  2 hounds
  3 sleepcaps
  2 iguanas
  2 orc wizards
  A mummy (D:4)
  3 gnolls (D:4)
  3 adders
  A worm (D:3)
  3 dart slugs
  7 orcs
  6 bats
  9 endoplasms
  13 giant cockroaches
  13 goblins
  7 hobgoblins
  7 jackals
  4 kobolds
  3 quokkas
  8 ball pythons
  A frilled lizard (D:2)
  6 rats
118 creatures vanquished.

Notes
Turn   | Place    | Note
-------+----------+-------------------------------------------
     0 | D:1      | MisterAzrael the Hill Orc Monk began the quest for the Orb.
     0 | D:1      | Reached XP level 1. HP: 19/19 MP: 1/1
    82 | D:1      | Reached XP level 2. HP: 20/27 MP: 2/2
   905 | D:2      | Reached XP level 3. HP: 26/33 MP: 3/3
  1044 | D:2      | Noticed a golden eye
  1048 | D:2      | Found a faded altar of an unknown god.
  1050 | D:2      | Noticed a shining eye
  1052 | D:2      | Noticed a shining eye
  1052 | D:2      | Noticed a golden eye
  1331 | D:2      | Reached skill level 5 in Axes
  1857 | D:3      | Reached XP level 4. HP: 40/40 MP: 4/4
  2288 | D:4      | Found a sand-covered staircase.
  2404 | D:4      | Reached XP level 5. HP: 27/47 MP: 5/5
  2559 | D:4      | Reached skill level 6 in Axes
  2563 | D:4      | Learned a level 3 spell: Vhi's Electric Charge
  2686 | D:4      | Reached skill level 5 in Fighting
  2711 | D:4      | Found a staircase to the Ecumenical Temple.
  2725 | D:4      | Reached XP level 6. HP: 45/56 MP: 6/6
  2736 | D:4      | Reached skill level 7 in Axes
  2743 | Temple   | Found a transporter.
  2743 | Temple   | Found a transporter.
  2743 | Temple   | Found a transporter.
  2743 | Temple   | Found a transporter.
  2743 | Temple   | Entered the Ecumenical Temple
  2901 | Temple   | Became a worshipper of Zin the Law-Giver
  2901 | Temple   | Reached * piety under Zin
  2901 | Temple   | Reached ** piety under Zin
  3068 | D:4      | Found a hide-covered altar of Uskayaw.
  3072 | D:4      | Reached skill level 1 in Invocations
  3094 | D:4      | Found a sacrificial altar of Ru.
  3265 | D:4      | Reached *** piety under Zin
  3519 | D:5      | Entered Level 5 of the Dungeon
  3526 | D:5      | Found a transporter.
  3645 | D:5      | Found a transporter.
  3748 | D:5      | Noticed Heh's ghost (novice OpSh)
  3805 | D:5      | Noticed a water moccasin
  3816 | D:5      | Killed a water moccasin
  3817 | D:5      | Reached XP level 7. HP: 31/61 MP: 7/9
  4461 | D:5      | Reached skill level 8 in Axes
  4536 | D:5      | Reached **** piety under Zin
  4537 | D:5      | Noticed Grinder
  4557 | D:5      | Killed Grinder
  4558 | D:5      | Reached XP level 8. HP: 68/70 MP: 9/11
  4696 | D:5      | Reached skill level 5 in Invocations
  5104 | D:6      | Reached skill level 9 in Axes
  5147 | D:6      | Noticed Eustachio
  5192 | D:6      | Killed Eustachio
  5557 | D:6      | Noticed a troll
  5584 | D:6      | Slain by a troll

Illustrated notes

Levels and vault maps discovered:
D:1:      scummos_arrival_simple_fountains, layout_basic
D:2:      layout_rooms, hellmonk_ecumenical_altar_watching_god,
          minmay_tromino_i4
D:3:      minmay_roachtagon, layout_rooms, patterned_corridor
D:4:      cheibrodos_greedy_goblins, layout_loops_cross,
          mainiacjoe_overflow_two_lobes, minmay_temple_entry_stoned_glass,
          gup_ossuary_entry_pyramid
D:5:      nicolae_cairo_tiling_large, layout_loops_corners,
          gammafunk_ghost_gnarly_gnolls, uniq_grinder
D:6:      layout_rooms, kiku_gazebo_pond_becter, ebering_ghost_sewer_f,
          kb_rosetta, uniq_eustachio, uniq_duvessa
Temple:   hellmonk_temple_divided_pantheon

Skill      XL: |  1  2  3  4  5  6  7  8 |
---------------+-------------------------+-----
Fighting       | 4 5 6 |  6.7
Axes           | 5 6 7 8 9 |  9.7
Dodging        | 3 4 |  4.6
Invocations    | 2 4 6 |  6.6

Action                     |  1- 3 |  4- 6 |  7- 9 || total
---------------------------+-------+-------+-------++-------
  Melee: Hand axe          |   125 |   161 |   144 ||   430
 Invoke: Recite            |       |       |     6 ||     6
    Use: Scroll            |       |     1 |     3 ||     4
         Potion            |       |       |     2 ||     2
 Armour: Robe              |    17 |    12 |       ||    29
         Chain mail        |       |     6 |    34 ||    40
  Dodge: Dodged            |    79 |   143 |    98 ||   320

Table legend: (Time is in decaauts)
 A = Elapsed time spent in this place.
 B = Non-inter-level travel time spent in this place.
 C = Inter-level travel time spent in this place.
 D = Time resting spent in this place.
 E = Time spent auto-exploring this place.
 F = Levels seen in this place.
 G = Mean time per level.
                   A        B        C        D        E       F      G
               +--------+--------+--------+--------+--------+-----+--------+
         Total |   5569 |   5444 |    125 |    748 |   3709 |   7 |  795.6 |
       Dungeon |   5370 |   5245 |    125 |    748 |   3569 |   6 |  895.0 |
        Temple |    198 |    198 |      0 |      0 |    140 |   1 |  198.0 |
               +--------+--------+--------+--------+--------+-----+--------+

Top non-repeatable levels by time:
     D:5: 1846 daAuts
     D:4: 1180 daAuts
     D:1: 776 daAuts
     D:3: 722 daAuts
     D:2: 646 daAuts
     D:6: 199 daAuts
  Temple: 198 daAuts
